 Dungeon Crawl Stone Soup version 0.31-a0-1227-g0136665373 (webtiles) character file.

Game seed: 7313897031883709442

68 horus123 the Digger (level 4, -1/30 HPs)
             Began as a Formicid Earth Elementalist on Dec 15, 2023.
             Slain by Crazy Yiuf
             ... wielding a +2 quarterstaff of chaos
              (10 damage)
             ... on level 3 of the Dungeon.
             The game lasted 00:05:10 (2182 turns).

horus123 the Digger (Formicid Earth Elementalist)   Turns: 2182, Time: 00:05:11

Health: -1/30      AC:  3    Str: 12    XL:     4   Next: 41%
Magic:  6/10       EV: 12    Int: 17    God:
Gold:   123        SH:  0    Dex: 14    Spells: 7/11 levels left

rFire   . . .        m - +1 hand axe (heavy)
rCold   . . .        (no shield)
rNeg    . . .        d - +0 toga "Victory" {*Victory Clar}
rPois   .            (helmet unavailable)
rElec   .            (no cloak)
rCorr   .            k - +0 pair of gloves
SInv    +            (no boots)
Will    .....        (no amulet)
Stlth   ++           (no ring)
HPRegen 0.25/turn    (no ring)
MPRegen 0.12/turn

%: clarity
@: very slightly contaminated
A: permanent stasis, dig shafts and tunnels, antennae 3, four strong arms
a: Dig, Shaft Self


You were on level 3 of the Dungeon.
You visited 1 branch of the dungeon, and saw 3 of its levels.

You collected 123 gold pieces.

Inventory:

Hand Weapons
 f - a +0 trident
 m - a +1 heavy hand axe (weapon)
Armour
 a - a +0 robe
 d - the +0 toga "Victory" (worn) {*Victory Clar}
   (You took it off a hobgoblin on level 2 of the Dungeon)

   *Victory:  When the wearer kills a threatening monster, it has a chance to
   gain +1 AC, +1 Slay, and +1 Int, capping at +7.
   When the wearer uses a scroll or a potion with a hostile monster in sight,
   its bonuses reset to +0.
   Unequipping it also resets its bonuses to +0.
   Clar:      It protects you from confusion, rage, mesmerisation and fear.
 k - a +0 pair of gloves (worn)
 l - an orb of mayhem
Scrolls
 c - 3 scrolls of identify {unknown}
 e - a scroll of amnesia {unknown}
Potions
 b - a potion of magic
 g - a potion of ambrosia {unknown}
 h - 2 potions of heal wounds {unknown}
 i - a potion of curing {unknown}
 j - a potion of lignification {unknown}


   Skills:
 - Level 1.7 Dodging
 - Level 2.4 Stealth
 - Level 4.0 Spellcasting
 - Level 1.1 Transmutations
 + Level 4.3 Earth Magic


You had 7 spell levels left.
You knew the following spells:

 Your Spells              Type           Power      Damage    Failure   Level
a - Sandblast             Erth           36%        2d10      2%          1
b - Stone Arrow           Conj/Erth      20%        3d8       19%         3

Your spell library contained the following spells:

 Spells                   Type           Power      Damage    Failure   Level
 Passwall                 Tmut/Erth      10%        N/A       8%          2
 Wereblood                Tmut           7%         N/A       16%         2
 Sublimation of Blood     Necr           3%         N/A       24%         2
 Petrify                  Tmut/Erth      12%        N/A       45%         4
 Brom's Barrelling Bould  Conj/Erth      10%        2d3       54%         4
 Summon Hydra             Summ           1%         N/A       100%        7


Dungeon Overview and Level Annotations

Branches:
Dungeon (3/15)

Altars:

Annotations:
D:3 Crazy Yiuf


Innate Abilities, Weirdness & Mutations

You cannot be hasted, slowed, berserked, paralysed or teleported.
You can dig through walls and to a lower floor.
You have a pair of large antennae on your head. (SInv)
Your four strong arms can wield two-handed weapons with a shield.


Message History

The blast of sand hits the orc.
You kill the orc!
Items here: )) [ ††.
m - a +1 heavy hand axe
m - a +1 heavy hand axe (weapon)
Unknown command.
No target in view!
An orc comes into view. It is wielding a +0 club.
Things that are here:
a +0 whip; a boomerang; a +0 mace The blast of sand hits the orc!
You kill the orc!
Found a hammer.
Found a runed translucent door.
You open the door.
Crazy Yiuf shouts!
You miscast Sandblast.
You are very lightly contaminated with residual magic.
Nothing appears to happen.
Crazy Yiuf laughs, "You mumblescurry testudinal!"
The blast of sand hits Crazy Yiuf.
Crazy Yiuf is lightly wounded.
Crazy Yiuf hits you with a +2 quarterstaff of chaos!
Ouch! That really hurt!
Crazy Yiuf freezes you.
* * * LOW HITPOINT WARNING * * *
You are too injured to fight recklessly!
Aiming: Sandblast (safe; 2% risk of failure)
Press: ? - help, Q - select action, (/) - cycle Shift-Dir - straight line, f/p - Crazy Yiuf
Aim: Crazy Yiuf, wielding a +2 quarterstaff of chaos and wearing a +0 cloak (lightly wounded, 84% to hit)
The blast of sand hits Crazy Yiuf.
Crazy Yiuf is moderately wounded.
Crazy Yiuf barely misses you.
Aiming: Sandblast (safe; 2% risk of failure)
Press: ? - help, Q - select action, (/) - cycle Shift-Dir - straight line, f/p - Crazy Yiuf
Aim: Crazy Yiuf, wielding a +2 quarterstaff of chaos and wearing a +0 cloak (lightly wounded, 84% to hit)
The blast of sand hits Crazy Yiuf.
Crazy Yiuf is moderately wounded.
Crazy Yiuf barely misses you.
Crazy Yiuf hits you with a +2 quarterstaff of chaos!
You die...

#.)....#
#......
########
#.##.##
##+##.##
#####
##...#...
#..)#
##.....###
#...#
#.......##
...
#.........#
#g#
+.........'
♣♣@♣
#......)..#
♣.♣♣
##......)##
♣♣.♣
##.....##
♣.♣♣
##...##
♣♣.♣♣ ##+#
♣...♣♣ #.#
♣PPP.♣
#####.#
#....#
#.....##
#....##
#.##...##


You could see Crazy Yiuf.

Vanquished Creatures
  An adder (D:2)
  A worm (D:2)
  A dart slug (D:1)
  5 orcs (D:3)
  5 bats
  4 endoplasms
  A giant cockroach (D:1)
  2 goblins
  6 hobgoblins
  3 jackals (D:2)
  3 quokkas
  2 ball pythons (D:1)
  4 frilled lizards
  4 kobolds
  5 rats
47 creatures vanquished.

Notes
Turn   | Place    | Note
-------+----------+-------------------------------------------
     0 | D:1      | horus123 the Formicid Earth Elementalist began the quest
                  | for the Orb.
     0 | D:1      | Reached XP level 1. HP: 13/13 MP: 3/3
   167 | D:1      | Reached XP level 2. HP: 19/19 MP: 2/5
   415 | D:1      | Found a faded altar of an unknown god.
   582 | D:1      | Reached XP level 3. HP: 24/24 MP: 5/7
   586 | D:1      | Learned a level 3 spell: Stone Arrow
  1435 | D:2      | Reached XP level 4. HP: 30/30 MP: 8/10
  2174 | D:3      | Found a runed translucent door.
  2175 | D:3      | Noticed Crazy Yiuf
  2182 | D:3      | Slain by Crazy Yiuf

Illustrated notes

Levels and vault maps discovered:
D:1:      heliophobic_arrival_dark_side_of_the_moon, layout_basic,
          ebering_ecumenical_altar_ruins, minmay_misc_feat_encased
D:2:      layout_loops_ring
D:3:      layout_loops_corners, serial_shops, shop,
          chequers_serial_rivers_room_a, uniq_natasha, uniq_crazy_yiuf_cottage,
          uniq_ijyb

Skill      XL: |  1  2  3  4 |
---------------+-------------+-----
Spellcasting   | 3 4 |  4.0
Earth Magic    | 4 |  4.3
Dodging        | |  1.7
Stealth        | |  2.4
Transmutations | |  1.1

Action                     |  1- 3 |  4- 6 || total
---------------------------+-------+-------++-------
  Melee: Unarmed           |     3 |       ||     3
         Trident           |     9 |       ||     9
  Throw: Throwing net      |       |     1 ||     1
   Cast: Sandblast         |    46 |    19 ||    65
   Stab: Sleeping          |     1 |       ||     1
 Armour: Robe              |     6 |     3 ||     9
  Dodge: Dodged            |    15 |     2 ||    17

Table legend: (Time is in decaauts)
 A = Elapsed time spent in this place.
 B = Non-inter-level travel time spent in this place.
 C = Inter-level travel time spent in this place.
 D = Time resting spent in this place.
 E = Time spent auto-exploring this place.
 F = Levels seen in this place.
 G = Mean time per level.
                   A        B        C        D        E       F      G
               +--------+--------+--------+--------+--------+-----+--------+
         Total |   2215 |   2157 |     58 |      0 |   1563 |   3 |  738.3 |
       Dungeon |   2215 |   2157 |     58 |      0 |   1563 |   3 |  738.3 |
               +--------+--------+--------+--------+--------+-----+--------+

Top non-repeatable levels by time:
     D:2: 998 daAuts
     D:1: 988 daAuts
     D:3: 228 daAuts
